 Dungeon Crawl Stone Soup version 0.24.0-125-gc4c63601f3 (webtiles) character file.

Game seed: 10277306866823648530, levelgen mode: deterministic

42 Frank2 the Cudgeler (level 3, -8/27 HPs)
             Began as a Demonspawn Gladiator on Mar 14, 2020.
             Killed by divine providence
             ... invoked by an orc priest
              (10 damage)
             ... on level 2 of the Dungeon.
             The game lasted 00:01:11 (910 turns).

Frank2 the Cudgeler (Demonspawn Gladiator)           Turns: 910, Time: 00:01:12

Health: -8/27      AC: 10    Str: 14    XL:     3   Next: 35%
Magic:  3/3        EV: 12    Int:  9    God:
Gold:   2          SH:  0    Dex: 15    Spells: 2/2 levels left

rFire    . . .     SeeInvis .   a - +0 flail
rCold    . . .     Gourm    .   (no shield)
rNeg     . . .     Faith    .   m - +0 ring mail
rPois    .         Spirit   .   c - +1 helmet
rElec    .         Reflect  .   (no cloak)
rCorr    .         Harm     .   (no gloves)
MR       .....                  (no boots)
Stlth    +.........             (no amulet)
HPRegen  0.09/turn              (no ring)
MPRegen  0.08/turn              (no ring)

@: no status effects
A: slimy green scales 2
a: no special abilities


You were on level 2 of the Dungeon.
You were not hungry.

You visited 1 branch of the dungeon, and saw 2 of its levels.

You collected 2 gold pieces.

Inventory:

Hand Weapons
 a - a +0 flail (weapon)
Missiles
 d - 3 throwing nets (quivered)
Armour
 c - a +1 helmet (worn)
 m - a +0 ring mail (worn)
Jewellery
 l - an uncursed amulet of magic regeneration
Scrolls
 e - a scroll of identify
 j - a scroll of noise {unknown}
 k - a scroll of amnesia {unknown}
Comestibles
 f - 3 rations


   Skills:
 + Level 2.2 Fighting
 + Level 3.3 Maces & Flails
 - Level 1.7 Throwing
 + Level 0.4 Armour
 + Level 3.2 Dodging


You had 2 spell levels left.
You didn't know any spells.
Your spell library was empty.

Dungeon Overview and Level Annotations

Branches:
Dungeon (2/15)

Altars:


Innate Abilities, Weirdness & Mutations

You are mostly covered in slimy green scales. (AC +3)


Message History

Slimy green scales spread over more of your body.
Okay, then.
As you read the scroll labeled JOCEED JURIG, it crumbles to dust.
It is a scroll of identify.
l - an uncursed amulet of magic regeneration The worker ant misses you.
As you read the scroll labeled YRRUIR SYWIO, it crumbles to dust.
It is a scroll of enchant armour.
Your +0 helmet glows green for a moment.
The worker ant completely misses you. The worker ant misses you.
As you read the scroll labeled XAOMOBRANI, it crumbles to dust.
You assume a fearsome visage.
The orc looks frightened!
The orc priest looks frightened!
The worker ant looks frightened!
It was a scroll of fear.
Cornered, the orc turns to fight!
Cornered, the orc priest turns to fight!
Cornered, the worker ant turns to fight!
The orc priest invokes the aid of Beogh against you.
Beogh smites you!
You die...

.# #####a..##
#oo....... #)#.......#
#a#.8...8.#.
#.#.o.....#.######
#@#o...oo.#......#
#.#.......#.......
######.#.8o..8.#..#....
#......#.o.....#....#.#
#.##...# .##.......
#.##.#.## $###...####
#.##.#..#######...##
#.##..#..........##
#.###.##.#..####.#


You could see a worker ant, an orc priest and an orc.

Vanquished Creatures
  An orc priest (D:2)
  2 leopard geckos (D:1)
  2 bats (D:1)
  A giant cockroach (D:1)
  2 hobgoblins (D:1)
  A frilled lizard (D:1)
  A goblin (D:1)
  3 rats
13 creatures vanquished.

Notes
Turn   | Place    | Note
-------+----------+-------------------------------------------
     0 | D:1      | Frank2 the Demonspawn Gladiator began the quest for the
                  | Orb.
     0 | D:1      | Reached XP level 1. HP: 16/16 MP: 1/1
   183 | D:1      | Gained mutation: You are partially covered in slimy green
                  | scales. (AC +2) [demonic ancestry]
   183 | D:1      | Reached XP level 2. HP: 7/22 MP: 2/2
   901 | D:2      | HP: 1/22 [orc priest/nerve-wracking pain (7)]
   905 | D:2      | Gained mutation: You are mostly covered in slimy green
                  | scales. (AC +3) [demonic ancestry]
   905 | D:2      | Reached XP level 3. HP: 1/27 MP: 3/3
   910 | D:2      | Killed from afar by an orc priest

Levels and vault maps discovered:
D:1:      ncdulo_smallfort, layout_basic
D:2:      cheibrodos_pilgrimage, layout_loops_corners

Skill      XL: |  1  2 |
---------------+-------+-----
Dodging        | 3 |  3.2
Maces & Flails | 3 |  3.3
Fighting       | |  2.2
Throwing       | |  1.7
Armour         | |  0.4

Action                   || total
-------------------------++-------
Melee: Flail             ||    55
  Use: Potion            ||     1
       Scroll            ||     3
 Stab: Sleeping          ||     1
Armor: Leather armour    ||    18
Dodge: Dodged            ||    51
